 Dungeon Crawl Stone Soup version 0.21.1-1-g345015f (webtiles) character file.

68 inc the Ducker (level 4, 19/19 HPs)
             Began as a Felid Transmuter on Mar 5, 2018.
             Quit the game on level 2 of the Dungeon.
             The game lasted 00:04:58 (2309 turns).

inc the Ducker (Felid Transmuter)                   Turns: 2309, Time: 00:04:59

Health: 19/19      AC:  1    Str:  7    XL:     4   Next: 1%
Magic:  8/8        EV: 21    Int: 15    God:
Gold:   94         SH:  0    Dex: 16    Spells: 4/7 levels left
                                        Lives:  0   Deaths: 1

rFire    . . .     SeeInvis +     - Unarmed
rCold    . . .     Gourm    .   (shield unavailable)
rNeg     . . .     Faith    .   (armour unavailable)
rPois    .         Spirit   .   (helmet unavailable)
rElec    .         Reflect  .   (cloak unavailable)
rCorr    .         Harm     .   (gloves unavailable)
MR       .....                  (boots unavailable)
Stlth    ++........             (no amulet)
HPRegen  0.06/turn              (no ring)
MPRegen  0.11/turn              (no ring)

@: quick
A: very small, no armour, no weapons or thrown items, stealth, claws 1, fangs 3,
see invisible, carnivore, speed 1, shaggy fur 1, slow metabolism 1, sharp paws
a: no special abilities


You were on level 2 of the Dungeon.
You were not hungry.

You visited 1 branch of the dungeon, and saw 2 of its levels.

You collected 94 gold pieces.

Inventory:

Missiles
 a - 17 arrows
Scrolls
 d - 2 scrolls of immolation {unknown}
 e - a scroll of magic mapping
 h - a scroll of identify {unknown}
 k - a scroll of blinking {unknown}
 l - a scroll of fog {unknown}
 n - 2 scrolls of remove curse
 o - a scroll of amnesia {unknown}
 p - a scroll of enchant weapon {unknown}
 s - 2 scrolls of teleportation {unknown}
Potions
 f - a potion of curing
 i - a potion of degeneration {unknown}
 j - a potion of flight {unknown}
 m - a potion of haste {unknown}
 q - a potion of heal wounds {unknown}
 r - 2 potions of lignification {unknown}
Books
 b - a book of Changes

   Spells                             Type                      Level
   a - Beastly Appendage              Transmutation                1
   b - Sticks to Snakes               Transmutation                2
   c - Spider Form                    Transmutation/Poison         3
   d - Ice Form                       Ice/Transmutation            4
   e - Blade Hands                    Transmutation                5
Comestibles
 c - 5 rations


   Skills:
 - Level 1.0 Fighting
 - Level 5.4 Dodging
 + Level 4.4 Unarmed Combat
 - Level 2.0 Spellcasting
 - Level 2.1 Transmutations


You had 4 spell levels left.
You knew the following spells:

 Your Spells              Type           Power        Failure   Level  Hunger
a - Beastly Appendage     Tmut           #.....       9%          1    #......
b - Sticks to Snakes      Tmut           #.......     14%         2    ###....


Dungeon Overview and Level Annotations

Branches:
Dungeon (2/15)

Altars:

Annotations:
D:2 Natasha


Innate Abilities, Weirdness & Mutations

You cannot wear armour.
You are incapable of wielding weapons or throwing items.
Your paws allow you to move quietly. (Stealth)
You have sharp claws.
You have razor-sharp teeth.
You have supernaturally acute eyesight. (SInv)
You are carnivorous and can eat meat at any time.
You cover ground quickly.
You are covered in fur. (AC +1)
You have a slow metabolism.
Your sharp claws are effective at attacking unaware monsters.


Message History

Your ball python completely misses the crimson imp.
Natasha casts a spell at you.
You easily resist.
You scratch Natasha. Your headbutt misses Natasha.
Natasha is moderately wounded.
Your transformation is almost over.
The crimson imp completely misses you. The shadow imp gestures at you.
Pain shoots through your body!
Ouch! That really hurt!
You die...
Your shape twists and changes as you die.
The gnoll misses you.
Your ball python bites the crimson imp.
Your ball python grabs the crimson imp.
Your ball python constricts the crimson imp.
Natasha claws you.
You are now level 4!
Your horns disappear.
You rejoin the land of the living...
Are you sure you want to abandon this character and quit the game? (Confirm with "yes".)

..# #...........##.....# ..#
########.....#.....# ###
#.....#.#.#...# #
#####.###.#.#.##..# . ####
#.....# #.#.#.##..#
...###.##### #.#.#.##.>#######
##.#<#.# #.#.#.......)...#
##.#.#.#######.#.#...........#
.....#..........@#...........#
.....#########.###...........#
.##).#########.# ##..........#
# ...............#
#....^.....# ##
.........####### #..........#
#. .........# ############ #.
.......(.# #. ......)..# #.
.........# #.


There were no monsters in sight!

Vanquished Creatures
  Natasha (D:2)
  2 gnolls (D:2)
  An adder (D:2)
  An ooze (D:1)
  2 worms (D:2)
  2 dart slugs
  2 leopard geckos (D:1)
  4 giant cockroaches (D:2)
  4 hobgoblins
  5 kobolds
  2 quokkas (D:2)
  2 ball pythons
  4 bats (D:1)
  5 frilled lizards
  6 goblins
  9 rats
52 creatures vanquished.

Vanquished Creatures (collateral kills)
  4 gnolls (D:2)
  An adder (D:1)
  A kobold (D:2)
6 creatures vanquished.

Grand Total: 58 creatures vanquished

Notes
Turn   | Place    | Note
-------+----------+-------------------------------------------
     0 | D:1      | inc the Felid Transmuter began the quest for the Orb.
     0 | D:1      | Reached XP level 1. HP: 9/9 MP: 4/4
    70 | D:1      | Reached skill level 3 in Dodging
   423 | D:2      | Reached XP level 2. HP: 12/12 MP: 6/6
   524 | D:2      | Reached skill level 4 in Dodging
   526 | D:2      | Reached XP level 3. HP: 8/15 MP: 7/7
   546 | D:2      | Learned a level 2 spell: Sticks to Snakes
   918 | D:1      | Reached skill level 5 in Dodging
  1721 | D:2      | Reached XP level 4. HP: 19/19 MP: 6/8
  2084 | D:2      | Noticed Natasha
  2097 | D:2      | Killed Natasha
  2097 | D:2      | Reached XP level 5. HP: 12/22 MP: 3/9
  2288 | D:2      | Noticed Natasha
  2308 | D:2      | Killed from afar by a shadow imp
  2309 | D:2      | Reached XP level 4. HP: -8/19 MP: 5/8
  2309 | D:2      | Quit the game

Skill      XL: |  1  2  3  4 |
---------------+-------------+-----
Dodging        | 3 4 5 |  5.4
Unarmed Combat | 4 |  4.4
Fighting       | |  1.0
Spellcasting   | |  2.0
Transmutations | |  2.1

Action                   |  1- 3 |  4- 6 || total
-------------------------+-------+-------++-------
Melee: Unarmed           |   103 |    44 ||   147
       Bite              |     9 |     4 ||    13
       Headbutt          |     4 |     5 ||     9
       Punch             |     1 |     1 ||     2
 Cast: Beastly Appendage |     5 |     8 ||    13
       Sticks to Snakes  |     7 |     9 ||    16
  Use: Scroll            |     2 |       ||     2
       Potion            |     1 |     1 ||     2
 Stab: Sleeping          |     7 |     1 ||     8
       Distracted        |       |     1 ||     1
  Eat: Chunk             |       |    10 ||    10
Armor: Skin              |     4 |     1 ||     5
Dodge: Dodged            |    84 |    52 ||   136
